 Dungeon Crawl Stone Soup version 0.21.0-25-ge575cb9 (webtiles) character file.

28 tidbits the Charmwright (level 3, -1/31 HPs)
             Began as a Gnoll Skald on Jan 26, 2018.
             Slain by a gnoll
             ... wielding a +0 flail
              (12 damage)
             ... on level 3 of the Dungeon.
             The game lasted 00:02:33 (314 turns).

tidbits the Charmwright (Gnoll Skald)                Turns: 314, Time: 00:02:34

Health: -1/31      AC:  5    Str: 13    XL:     3   Next: 12%
Magic:  8/18       EV: 14    Int: 16    God:
Gold:   56         SH:  0    Dex: 14    Spells: 7/12 levels left

rFire    . . .     SeeInvis .   a - +0 hand axe
rCold    . . .     Gourm    .   (no shield)
rNeg     . . .     Faith    .   B - +0 leather armour
rPois    .         Spirit   .   (no helmet)
rElec    .         Reflect  .   (no cloak)
rCorr    .         Harm     .   (no gloves)
MR       .....                  F - +1 pair of boots
Stlth    +.........             (no amulet)
HPRegen  0.10/turn              j - ring of magical power
MPRegen  0.16/turn              (no ring)

@: shrouded, infused
A: distributed training, fangs 1, strong nose
a: no special abilities


You were on level 3 of the Dungeon.
You were full.

You visited 1 branch of the dungeon, and saw 3 of its levels.

You collected 56 gold pieces.

Inventory:

Hand Weapons
 a - a +0 hand axe (weapon)
Missiles
 f - 24 stones (quivered)
Armour
 B - a +0 leather armour (worn)
 F - a +1 pair of boots (worn)
Jewellery
 j - a ring of magical power (left hand)
   (You found it on level 1 of the Dungeon)
Scrolls
 g - a scroll of remove curse {unknown}
 i - a scroll of identify {unknown}
Potions
 b - a potion of berserk rage {unknown}
 e - a potion of invisibility {unknown}
 h - a potion of lignification {unknown}
 k - a potion of ambrosia {unknown}
 l - a potion of curing {unknown}
Books
 c - a book of Battle

   Spells                             Type                      Level
   a - Infusion                       Charms                       1
   b - Shroud of Golubria             Charms/Translocation         2
   c - Song of Slaying                Charms                       2
   d - Spectral Weapon                Hexes/Charms                 3
   e - Regeneration                   Charms/Necromancy            3
Comestibles
 d - 2 rations


   Skills:
 + Level 4.5 Fighting
 + Level 0.6 Short Blades
 + Level 0.6 Long Blades
 + Level 4.5 Axes
 + Level 0.6 Maces & Flails
 + Level 0.6 Polearms
 + Level 0.6 Staves
 + Level 0.6 Slings
 + Level 0.6 Bows
 + Level 0.6 Crossbows
 + Level 0.6 Throwing
 + Level 2.5 Armour
 + Level 4.5 Dodging
 + Level 0.6 Stealth
 + Level 0.6 Shields
 + Level 0.6 Unarmed Combat
 + Level 5.0 Spellcasting
 + Level 0.4 Conjurations
 + Level 0.4 Hexes
 + Level 5.4 Charms
 + Level 0.4 Summonings
 + Level 0.4 Necromancy
 + Level 0.4 Translocations
 + Level 0.4 Transmutations
 + Level 0.4 Fire Magic
 + Level 0.4 Ice Magic
 + Level 0.4 Air Magic
 + Level 0.4 Earth Magic
 + Level 0.4 Poison Magic
 + Level 0.8 Invocations
 + Level 0.6 Evocations


You had 7 spell levels left.
You knew the following spells:

 Your Spells              Type           Power        Failure   Level  Hunger
g - Shroud of Golubria    Chrm/Tloc      ##........   9%          2    #......
i - Infusion              Chrm           ###.         1%          1    None
y - Song of Slaying       Chrm           ###.....     3%          2    #......


Dungeon Overview and Level Annotations

Branches:
Dungeon (3/15)

Altars:
Kikubaaqudgha
Nemelex Xobeh


Innate Abilities, Weirdness & Mutations

Your experience applies equally to all skills.
You have very sharp teeth.
Your uncanny sense of smell can sniff out nearby items.


Message History

The adder bites you but does no damage.
You completely miss the adder. You barely miss the frilled lizard.
The frilled lizard closely misses you. The adder barely misses you.
You slash the adder!
You kill the adder!
You closely miss the frilled lizard. The frilled lizard closely misses you.
A giant cockroach comes into view.
The frilled lizard bites you but does no damage.
The giant cockroach closely misses you.
You hit the giant cockroach.
You bite the giant cockroach, but do no damage.
The giant cockroach is almost dead.
You closely miss the frilled lizard.
The frilled lizard bites you but does no damage.
The giant cockroach bites you but does no damage.
You closely miss the giant cockroach.
The giant cockroach is almost dead.
You barely miss the frilled lizard. The frilled lizard closely misses you.
The giant cockroach bites you but does no damage.
You hit the giant cockroach.
You kill the giant cockroach!
Your leather armour prevents you from hitting the frilled lizard.
The frilled lizard bites you.
You closely miss the frilled lizard.
The frilled lizard bites you but does no damage.
The frilled lizard misses you.
You miss the frilled lizard. The frilled lizard closely misses you.
You closely miss the frilled lizard. The frilled lizard misses you.
You hit the frilled lizard!
You kill the frilled lizard!
Found 16 stones.
You see here 16 stones.
f - 24 stones (gained 16)
Your magical infusion is running out.
You are no longer magically infusing your attacks.
Found 14 gold pieces.
You see here 14 gold pieces.
You now have 56 gold pieces (gained 14).
There is a stone staircase leading down here.
You climb downwards.
A worm, a goblin and a kobold come into view.
The goblin shouts!
Found 9 gold pieces.
There is a stone staircase leading up here.
Unknown command.
Casting: Infusion
Confirm with . or Enter, or press ? or * to list all spells.
You begin infusing your attacks with magical energy.
The kobold shouts!
The kobold hits you with a short sword. The goblin hits you with a club.
You hit the worm. You bite the worm.
The worm is moderately wounded.
You barely miss the kobold. The kobold hits you but does no damage.
The worm completely misses you.
You hit the worm.
The worm is heavily wounded.
You barely miss the goblin. You hit the kobold.
You kill the kobold!
The goblin closely misses you.
You hit the worm!
You kill the worm!
Your Spellcasting skill increases to level 5!
You have reached level 3!
Your experience leads to an increase in your attributes!
Increase (S)trength, (I)ntelligence, or (D)exterity?
You feel clever.
You hit the goblin.
You kill the goblin!
A gnoll comes into view. It is wielding a flail.
The gnoll shouts!
You hear a shout! x2
You hit the gnoll! You bite the gnoll, but do no damage.
The gnoll is heavily wounded.
The gnoll closely misses you.
You barely miss the gnoll.
The gnoll is heavily wounded.
The gnoll hits you with a flail.
You barely miss the gnoll.
The gnoll is heavily wounded.
The gnoll misses you.
A gnoll comes into view.
Casting: Infusion
Confirm with . or Enter, or press ? or * to list all spells.
Space distorts slightly along a thin shroud covering your body.
The gnoll moves out of view.
A gnoll comes into view. It is wielding a club.
You closely miss the gnoll. You bite the gnoll, but do no damage.
The gnoll is heavily wounded.
Your shroud bends the gnoll's attack away.
The gnoll moves out of view.
A gnoll comes into view. It is wielding a spear.
You hit the gnoll.
The gnoll is severely wounded.
The gnoll hits you with a flail!
* * * LOW HITPOINT WARNING * * *
The gnoll moves out of view.
You barely miss the gnoll. Your bite misses the gnoll.
The gnoll is severely wounded.
The gnoll hits you with a flail!
You die...

.........
#.......##
#........ #......#
#......# #
#......###.##..$
##∆#....<.......
#.#..#..)....#....
#....g@.).........
......g............
###.g##............
#. #............ #
........#####
##.......#
#........ ####.....


You could see 3 gnolls.

Vanquished Creatures
  An adder (D:2)
  A worm (D:3)
  A dart slug (D:1)
  A bat (D:1)
  2 giant cockroaches (D:2)
  2 goblins
  2 hobgoblins
  2 frilled lizards
  2 kobolds
14 creatures vanquished.

Notes
Turn   | Place    | Note
-------+----------+-------------------------------------------
     0 | D:1      | tidbits the Gnoll Skald began the quest for the Orb.
     0 | D:1      | Reached XP level 1. HP: 20/20 MP: 6/6
   112 | D:1      | Reached XP level 2. HP: 21/26 MP: 1/7
   116 | D:1      | Learned a level 2 spell: Song of Slaying
   119 | D:1      | Learned a level 2 spell: Shroud of Golubria
   176 | D:2      | Found an ancient bone altar of Kikubaaqudgha.
   200 | D:2      | Found a sparkling altar of Nemelex Xobeh.
   305 | D:3      | Reached skill level 5 in Spellcasting
   305 | D:3      | Reached XP level 3. HP: 27/31 MP: 9/9
   314 | D:3      | Slain by a gnoll

Skill      XL: |  1  2 |
---------------+-------+-----
Spellcasting   | 5 |  5.0
Fighting       | |  4.5
Short Blades   | |  0.6
Long Blades    | |  0.6
Axes           | |  4.5
Maces & Flails | |  0.6
Polearms       | |  0.6
Staves         | |  0.6
Slings         | |  0.6
Bows           | |  0.6
Crossbows      | |  0.6
Throwing       | |  0.6
Armour         | |  2.5
Dodging        | |  4.5
Stealth        | |  0.6
Shields        | |  0.6
Unarmed Combat | |  0.6
Conjurations   | |  0.4
Hexes          | |  0.4
Charms         | |  5.4
Summonings     | |  0.4
Necromancy     | |  0.4
Translocations | |  0.4
Transmutations | |  0.4
Fire Magic     | |  0.4
Ice Magic      | |  0.4
Air Magic      | |  0.4
Earth Magic    | |  0.4
Poison Magic   | |  0.4
Invocations    | |  0.8
Evocations     | |  0.6

Action                   || total
-------------------------++-------
Melee: Hand axe          ||    42
       Bite              ||     6
 Cast: Infusion          ||     5
       Shroud of Golubri ||     1
  Eat: Ration            ||     1
Armor: Leather armour    ||    10
Dodge: Dodged            ||    30

Table legend:
 A = Turns spent in this place as a percentage of turns spent in the entire game.
 B = Non-inter-level travel turns spent in this place as a percentage of non-inter-level travel turns spent in the entire game.
 C = Inter-level travel turns spent in this place as a percentage of turns spent in this place.
 D = Turns resting spent in this place as a percentage of non-inter-level travel turns spent in this place.
 E = Turns spent auto-exploring this place as a percentage of non-inter-level travel turns spent in this place.
 F = Non-inter-level travel turns spent in this place divided by the number of levels of this place that you've seen.
                   A       B       C       D       E      F
               +-------+-------+-------+-------+-------+----------------------
         Total | 100.0 | 100.0 |   0.0 |   0.0 |   0.0 | 104.7
       Dungeon | 100.0 | 100.0 |   0.0 |   0.0 |   0.0 | 104.7
               +-------+-------+-------+-------+-------+----------------------

Table legend:
 A = Kills in this place as a percentage of kills in entire the game.
 B = Kills by you in this place as a percentage of kills by you in the entire game.
 C = Kills by friends in this place as a percentage of kills by friends in the entire game.
 D = Other kills in this place as a percentage of other kills in the entire game.
 E = Experience gained in this place as a percentage of experience gained in the entire game.
 F = Experience gained in this place divided by the number of levels of this place that you have seen.
                   A       B       C       D       E      F
               +-------+-------+-------+-------+-------+----------------------
         Total | 100.0 | 100.0 |   N/A |   N/A | 100.0 |  13.3
       Dungeon | 100.0 | 100.0 |   N/A |   N/A | 100.0 |  13.3
               +-------+-------+-------+-------+-------+----------------------

Vault maps used:
D:1:      saegor_arrival_simple_e, hangedman_decor_growths
D:2:      nicolae_overflow_crystal_walls, nemelex_xobeh_ov_fountains_minmay
D:3:      uniq_jessica, uniq_crazy_yiuf_cottage
